 Dungeon Crawl Stone Soup version 0.31-a0-705-ga145531891 (webtiles) character file.

Game seed: 3353633921347782722

68313 AiryTheDragon the Fighter (level 14, -7/110 HPs)
             Began as a Demonspawn Gladiator on Sept 6, 2023.
             Was a High Priest of Nemelex Xobeh.
             Killed by divine providence
             ... invoked by a meliai
              (12 damage)
             ... on level 2 of the Orcish Mines on Sept 9, 2023.
             The game lasted 05:35:27 (21672 turns).

AiryTheDragon the Fighter (Demonspawn Gladiator)   Turns: 21672, Time: 05:35:28

Health: -7/110     AC: 21    Str: 20    XL:     14   Next: 86%
Magic:  16/26      EV: 20    Int: 16    God:    Nemelex Xobeh [*****.]
Gold:   1974       SH:  9    Dex: 23    Spells: 3/30 levels left

rFire   . . .        K - +10 battleaxe of Domination {freeze, rElec rC+ Int-5 Dex+8}
rCold   + . .        (shield currently unavailable)
rNeg    . . .        U - +3 acid dragon scales
rPois   +            (helmet restricted)
rElec   +            V - +2 cloak {rPois}
rCorr   +            P - +2 pair of gloves
SInv    .            z - +2 pair of boots
Will    +....        R - amulet of reflection
Stlth   +++          G - +6 ring of strength
HPRegen 0.38/turn    I - +6 ring of intelligence
MPRegen 0.20/turn

%: reflection
@: studying Fighting
A: repulsion field 2, condensation shield, demonic touch 2, horns 1, MP-powered
wands
a: Renounce Religion, Draw Escape, Draw Destruction, Draw Summoning, Triple
Draw, Deal Four, Stack Five


You were on level 2 of the Orcish Mines.
You worshipped Nemelex Xobeh.
Nemelex Xobeh was extremely pleased with you.
You visited 4 branches of the dungeon, and saw 20 of its levels.
You also visited: Bailey.

You collected 2023 gold pieces.
You spent 49 gold pieces at shops.

Inventory:

Hand Weapons
 e - a +8 trident of freezing
 p - a +2 glaive of pain
 B - the +7 falchion "Konwynn" {vamp, *Rage Will+ rCorr}
   (You found it on level 11 of the Dungeon)

   Will+:     It increases your willpower.
   *Rage:     It berserks you when you make melee attacks (+20% chance).
   rCorr:     It protects you from acid and corrosion.
 K - the +10 battleaxe of Domination (weapon) {freeze, rElec rC+ Int-5 Dex+8}
   (You found it on level 5 of the Dungeon)

   Int-5:     It affects your intelligence (-5).
   Dex+8:     It affects your dexterity (+8).
   rC+:       It protects you from cold.
   rElec:     It insulates you from electricity.
 M - a +1 vampiric falchion
 N - a +4 flail of flaming
 T - a +2 whip of distortion
Missiles
 d - 6 throwing nets
 l - 30 poisoned darts (quivered)
 v - 38 javelins
Armour
 a - a +9 plate armour of ponderousness
 n - a +0 buckler
 y - an orb of mayhem
 z - a +2 pair of boots (worn)
 A - a +1 chain mail of fire resistance
 P - a +2 pair of gloves (worn)
 Q - a +0 robe of willpower
 U - +3 acid dragon scales (worn)
 V - a +2 cloak of poison resistance (worn)
Magical Staves
 H - a staff of cold
Jewellery
 f - a ring of protection from cold
 m - a ring of willpower
 w - a ring of protection from fire
 C - a ring of flight
 G - a +6 ring of strength (left hand)
 I - a +6 ring of intelligence (right hand)
 R - an amulet of reflection (around neck)
Talismans
 O - a storm talisman
Wands
 b - a wand of polymorph (7)
 q - a wand of charming (13)
 E - a wand of quicksilver (12)
 S - a wand of roots (10)
 Y - a wand of digging (7)
Scrolls
 h - 7 scrolls of teleportation
 i - 4 scrolls of silence
 D - a scroll of summoning {unknown}
 L - 2 scrolls of amnesia
 X - 4 scrolls of fog
Potions
 c - a potion of haste
 g - a potion of mutation
 j - 4 potions of cancellation
 k - a potion of brilliance
 o - 3 potions of curing
 r - 2 potions of might
 s - 6 potions of lignification
 t - 3 potions of invisibility
 u - 4 potions of enlightenment
 x - 2 potions of ambrosia {unknown}
 F - a potion of experience {unknown}
 J - a potion of berserk rage


   Skills:
 * Level 10.3 Fighting
 + Level 3.3 Long Blades
 + Level 9.7(9.8) Axes
 + Level 1.3(6.2) Maces & Flails
 + Level 0.8(6.1) Polearms
 + Level 4.9 Throwing
 * Level 8.1 Armour
 * Level 7.4 Dodging
 * Level 3.9 Stealth
 + Level 5.4 Shields
 + Level 8.6 Spellcasting
 + Level 3.4 Hexes
 * Level 6.3 Summonings
 + Level 4.2 Necromancy
 + Level 4.6 Translocations
 * Level 7.2 Ice Magic
 * Level 2.1 Air Magic
 + Level 3.5 Earth Magic
 + Level 6.3 Invocations
 + Level 5.0 Evocations
 + Level 2.7 Shapeshifting


You had 3 spell levels left.
You knew the following spells:

 Your Spells              Type           Power      Damage    Failure   Level
a - Slow                  Hex            68%        N/A       3%          1
b - Confusing Touch       Hex            17%        N/A       10%         3
c - Frozen Ramparts       Ice            60%        1d10      1%          3
d - Hailstorm             Conj/Ice       18%        3d6       9%          3
e - Tukima's Dance        Hex            17%        N/A       10%         3
f - Passwall              Tmut/Erth      10%        N/A       10%         2
g - Summon Ice Beast      Ice/Summ       28%        N/A       8%          4
h - Passage of Golubria   Tloc           21%        N/A       19%         4
i - Summon Lightning Spi  Summ/Air       20%        N/A       22%         4

Your spell library contained the following spells:

 Spells                   Type           Power      Damage    Failure   Level
 Apportation              Tloc           42%        N/A       1%          1
 Freeze                   Ice            100%       1d10      1%          1
 Necrotise                Necr           80%        1d8       2%          1
 Ensorcelled Hibernation  Hex/Ice        48%        N/A       2%          2
 Call Canine Familiar     Summ           27%        N/A       2%          3
 Jinxbite                 Hex            34%        N/A       4%          2
 Summon Guardian Golem    Hex/Summ       22%        N/A       5%          3
 Vampiric Draining        Necr           20%        2d7       7%          3
 Sigil of Binding         Hex            17%        N/A       10%         3
 Static Discharge         Conj/Air       20%        2-3/arc   12%         2
 Poisonous Vapours        Pois/Air       20%        N/A       13%         2
 Swiftness                Air            13%        N/A       16%         3
 Dazzling Flash           Conj/Hex       24%        N/A       19%         3
 Dispel Undead            Necr           20%        3d11      22%         4
 Dimensional Bullseye     Hex/Tloc       9%         N/A       24%         4
 Leda's Liquefaction      Hex/Erth       9%         N/A       30%         4
 Vhi's Electric Charge    Tloc/Air       34%        N/A       32%         4
 Metabolic Englaciation   Hex/Ice        12%        N/A       36%         5
 Airstrike                Air            6%         2d(1-17)  47%         4
 Petrify                  Tmut/Erth      12%        N/A       52%         4
 Agony                    Necr           20%        N/A       54%         5
 Borgnjor's Vile Clutch   Necr/Erth      9%         N/A       58%         5
 Freezing Cloud           Conj/Ice/Air   8%         6-21      69%         5
 Silence                  Hex/Air        7%         N/A       75%         5
 Yara's Violent Unravell  Hex/Tmut       6%         3d5       87%         5
 Simulacrum               Ice/Necr       12%        N/A       88%         6
 Arcjolt                  Conj/Air       5%         1d15      92%         5
 Alistair's Intoxication  Tmut/Pois      4%         N/A       98%         5
 Ozocubu's Refrigeration  Ice            15%        4d10      99%         7
 Plasma Beam              Fire/Air       5%         2x1d15    100%        6
 Orb of Destruction       Conj           3%         9d5       100%        7
 Spellforged Servitor     Conj/Summ      8%         N/A       100%        7
 Chain Lightning          Conj/Air       5%         3d6       100%        9
 Polar Vortex             Ice            15%        12d2*     100%        9


Dungeon Overview and Level Annotations

Branches:
Dungeon (12/15)            Temple (1/1) D:7            Lair (5/5) D:10
  Swamp (0/4) Lair:2        Snake (0/4) Lair:2        Slime (0/5) Lair:5
    Orc (2/2) D:11            Elf (0/3) Orc:2        Bailey (visited)

Altars:
Ashenzari
Cheibriados
Dithmenos
Fedhas
Gozag
Hepliaklqana
Kikubaaqudgha
Makhleb
Nemelex Xobeh
Okawaru
Qazlal
Ru
Sif Muna
Trog
Uskayaw
Vehumet
Wu Jian
Xom
Yredelemnul
Jiyva
Lugonu

Shops:
D:2 [   Orc:2 (

Portals:
Hell: Lair:5
Abyss: Orc:1

Annotations:
D:5 2 runed translucent doors


Innate Abilities, Weirdness & Mutations

You are surrounded by a moderate repulsion field. (EV +3)
A meltable shield of frost defends you. (SH +4)
Your touch may inflict irresistible damage on your foes.
You have a pair of small horns on your head.
You expend magic power (3 MP) to strengthen your wands.


Message History

You have drawn Pain.
Press: ? - help, Shift-Dir - straight line, f - meliai
Aim: a meliai (severely wounded, misshapen and mutated)
The bolt of negative energy misses the meliai. x2
The meliai calls upon Beogh to heal the meliai.
The meliai is healed somewhat.
The meliai invokes the aid of Beogh against you.
Beogh smites you!
* * * LOW HITPOINT WARNING * * *
Okay, then.
You feel much better.
The meliai mumbles some strange prayers to Beogh against you.
Beogh smites you!
* * * LOW HITPOINT WARNING * * *
The meliai hits you but does no damage. The meliai stings you.
* * * LOW HITPOINT WARNING * * *
The meliai calls down the wrath of Beogh upon you.
Beogh smites you!
* * * LOW HITPOINT WARNING * * *
You draw a card...
You have drawn Velocity.
The orc high priest seems to slow down.
You block the meliai's attack.
The meliai stings you but does no damage.
The meliai mumbles some strange prayers to Beogh against you.
Beogh smites you!
* * * LOW HITPOINT WARNING * * *
Unknown command.
Okay, then.
Okay, then.
You draw a card...
You have drawn Wild Magic.
The meliai is struck by twisting air!
The air around the orc priest burns with energy!!
You kill the orc priest!
The meliai is caught in an explosion of electrical discharges.
You kill the meliai!
The orc's body twists and writhes.
The orc twists and deforms.
You feel a surge of magic.
You feel your power returning.
The meliai calls down the wrath of Beogh upon you.
Beogh smites you!
You die...
Your body glows slightly and disappears.

)).................##
...............#....#
..........##...##..##
................#...#
##############......##
##......## .
##..#.#.#.. #.)......$
#@)........
#y))........
#o).).......
#).........#
o)......#.. ....(.)..#
..)(..(.(..#
#..#.........
o..#.........


You could see an orc high priest (slow), a meliai (misshapen) and an orc
(misshapen).

Vanquished Creatures
  An orc warlord (Orc:1)
  2 dire elephants (Lair:5)
  4 hydras
  A two-headed ogre (D:8)
  An orc high priest (Orc:2)
  6 death yaks (Lair:5)
  Urug (D:11)
  3 skysharks (Lair:5)
  A sixfirhy (Lair:5)
  Lodul (D:11)
  A wizard (Lair:5)
  An orc knight (Orc:2)
  An ugly thing (D:12)
  4 cyclopes
  8 elephants
  9 nameless horrors
  7 black mambas
  Maurice (D:9)
  A gargoyle (D:10)
  10 cane toads
  An orange demon (Lair:5)
  Maggie (D:9)
  4 rime drakes
  An unseen horror (D:9)
  7 komodo dragons
  2 red devils (Lair:5)
  An ice devil (Lair:5)
  2 trolls
  2 hornets
  A meliai (Orc:2)
  4 polar bears
  2 dream sheep (Lair:5)
  29 blink frogs
  2 shadows
  The ghost of justen the Trooper, an amateur TrDe (D:4)
  A wraith (D:10)
  4 wyverns
  A steam dragon (D:8)
  52 yaks
  A naga (Lair:2)
  8 vampire mosquitoes
  6 wargs
  8 water moccasins
  3 acid dragons
  4 hell hounds (Lair:5)
  An ice beast (D:6)
  18 orc warriors
  4 black bears
  A black bear (shapeshifter) (D:9)
  14 ogres
  13 centaurs
  13 wolves
  3 phantoms
  A kobold brigand (D:9)
  15 bullfrogs
  A gnoll sergeant (D:5)
  5 scorpions
  12 wights
  15 killer bees
  6 howler monkeys
  3 electric eels (Lair:1)
  4 hounds
  2 jellies (D:5)
  8 orc priests
  2 gnoll boudas
  Jessica (D:2)
  2 iguanas
  A sleepcap (D:7)
  16 orc wizards
  7 gnolls
  10 adders
  3 white imps
  3 ufetubi
  3 worms
  2 dart slugs (D:4)
  75 orcs
  4 bats
  5 endoplasms
  3 giant cockroaches
  10 goblins
  3 hobgoblins
  5 quokkas
  9 ball pythons
  A frilled lizard (D:1)
  9 kobolds
  7 rats
  A lurking horror (Orc:1)
533 creatures vanquished.

Vanquished Creatures (collateral kills)
  A storm dragon (Lair:1)
  An emperor scorpion (Lair:1)
  The ghost of Jingleheimer the Grappler, a journeyman TrSh of Uskayaw (Lair:3)
  Snorg (Lair:3)
  A hydra (Lair:4)
  A skyshark (Lair:5)
  2 cyclopes
  A black mamba (Lair:3)
  A cane toad (Lair:5)
  A rime drake (Lair:1)
  An ice devil (Lair:5)
  A komodo dragon (Lair:3)
  A hellwing (Lair:5)
  5 blink frogs
  3 dream sheep (Lair:5)
  8 yaks
  A wyvern (Lair:5)
  A hell hound (Lair:5)
  4 water moccasins
  4 orc warriors
  4 ogres
  2 wolves (Lair:3)
  3 orc priests
  An iguana (Orc:2)
  5 orc wizards
  A dart slug (Orc:2)
  17 orcs
  3 goblins
76 creatures vanquished.

Vanquished Creatures (others)
  5 dancing weapons (Bailey)
  An orc (D:9)
  A kobold (D:9)
  A lurking horror (Orc:1)
8 creatures vanquished.

Grand Total: 617 creatures vanquished

Notes
Turn   | Place    | Note
-------+----------+-------------------------------------------
     0 | D:1      | AiryTheDragon the Demonspawn Gladiator began the quest for
                  | the Orb.
     0 | D:1      | Reached XP level 1. HP: 16/16 MP: 1/1
   264 | D:1      | Gained mutation: A meltable shield of frost defends you.
                  | (SH +4) [demonic ancestry]
   264 | D:1      | Reached XP level 2. HP: 22/22 MP: 2/2
   709 | D:2      | Found Ojog Zoq's Armour Emporium.
   717 | D:2      | Bought a +0 buckler for 49 gold pieces
   737 | D:2      | Reached XP level 3. HP: 27/27 MP: 3/3
   890 | D:2      | Noticed Jessica
   894 | D:2      | Learned a level 1 spell: Slow
   899 | D:2      | Killed Jessica
   900 | D:2      | Reached skill level 1 in Armour
  1267 | D:3      | Gained mutation: Your touch may inflict minor irresistible
                  | damage on your foes. [demonic ancestry]
  1267 | D:3      | Reached XP level 4. HP: 33/33 MP: 5/5
  1267 | D:3      | You fall into a shaft and drop 3 floors!
  1274 | D:6      | Learned a level 3 spell: Confusing Touch
  1283 | D:5      | Entered Level 5 of the Dungeon
  1303 | D:5      | Reached skill level 1 in Spellcasting
  1484 | D:4      | Reached skill level 1 in Hexes
  1484 | D:4      | Reached XP level 5. HP: 5/39 MP: 6/6
  2310 | D:3      | Reached XP level 6. HP: 46/46 MP: 8/8
  2479 | D:3      | Reached skill level 1 in Shields
  2831 | D:4      | Learned a level 3 spell: Frozen Ramparts
  2858 | D:4      | Upgraded the game from 0.31-a0-675-g238779eb0a to
                  | 0.31-a0-700-gf13585253f
  2867 | D:4      | Found a runed translucent gate.
  2871 | D:4      | Found a runed translucent gate.
  2872 | D:4      | Found a runed translucent gate.
  2873 | D:4      | Found an opulent altar of Gozag.
  2874 | D:4      | Noticed a hornet
  2875 | D:4      | Noticed justen's ghost (amateur TrDe)
  3148 | D:4      | Reached skill level 3 in Fighting
  3470 | D:5      | Reached skill level 1 in Stealth
  3470 | D:5      | Reached skill level 1 in Ice Magic
  3470 | D:5      | Reached XP level 7. HP: 45/52 MP: 1/10
  3721 | D:5      | Found a large runed translucent door.
  3722 | D:5      | Found a large runed translucent door.
  3775 | D:5      | Found a large runed translucent door.
  3775 | D:5      | Found a large runed translucent door.
  4027 | D:5      | Identified the +10 battleaxe of Domination {freeze, rElec
                  | rC+ Int-5 Dex+8}
  4032 | D:5      | Learned a level 3 spell: Hailstorm
  4130 | D:5      | Reached skill level 1 in Evocations
  4137 | D:5      | Noticed a yak
  4145 | D:5      | Reached XP level 8. HP: 57/58 MP: 10/12
  4821 | D:6      | Reached skill level 5 in Axes
  4949 | D:6      | Reached skill level 4 in Fighting
  5328 | D:6      | Reached skill level 1 in Necromancy
  5359 | D:6      | Reached XP level 9. HP: 65/65 MP: 13/15
  5363 | D:6      | Learned a level 3 spell: Tukima's Dance
  5366 | D:6      | Learned a level 2 spell: Passwall
  5811 | D:4      | Killed justen's ghost
  6038 | D:7      | Reached skill level 5 in Armour
  6450 | D:7      | Found a staircase to the Ecumenical Temple.
  6463 | Temple   | Entered the Ecumenical Temple
  6470 | Temple   | Became a worshipper of Nemelex Xobeh the Trickster
  6525 | D:7      | Found an iron altar of Okawaru.
  6907 | D:8      | Reached skill level 5 in Spellcasting
  6912 | D:8      | Reached XP level 10. HP: 54/73 MP: 10/17
  7190 | D:8      | Reached * piety under Nemelex Xobeh
  7192 | D:8      | Received a gift from Nemelex Xobeh
  7217 | D:8      | Identified the +1 leather armour of Himit {rN+ MP+9 Int-3}
  7348 | D:8      | Noticed a two-headed ogre
  7362 | D:8      | Killed a two-headed ogre
  8052 | D:9      | Reached skill level 1 in Invocations
  8052 | D:9      | Noticed Maggie
  8131 | D:9      | Found a flagged portal.
  8142 | Bailey   | Entered a bailey
  8754 | Bailey   | Reached skill level 5 in Fighting
  8897 | Bailey   | Learned a level 4 spell: Summon Ice Beast
  9048 | Bailey   | Gained mutation: You are surrounded by a mild repulsion
                  | field. (EV +2) [demonic ancestry]
  9048 | Bailey   | Reached XP level 11. HP: 73/79 MP: 10/19
  9255 | D:9      | Noticed Maurice
  9259 | D:9      | Killed Maurice
  9269 | D:9      | Killed Maggie
  9279 | D:9      | Reached skill level 1 in Summonings
  9480 | D:9      | Received a gift from Nemelex Xobeh
  9485 | D:9      | Found a basalt altar of Yredelemnul.
  9496 | D:9      | Reached ** piety under Nemelex Xobeh
  9512 | D:9      | Reached skill level 1 in Shapeshifting
  9729 | D:9      | Found an ancient bone altar of Kikubaaqudgha.
 10121 | D:9      | Reached skill level 6 in Fighting
 10128 | D:9      | Reached skill level 5 in Dodging
 10128 | D:9      | Noticed a four-headed hydra
 10138 | D:9      | Killed a four-headed hydra
 10268 | D:9      | Received a gift from Nemelex Xobeh
 10439 | D:10     | Entered Level 10 of the Dungeon
 10561 | D:10     | Found a staircase to the Lair.
 10650 | D:10     | Found Cashoor's Overcharged Wands.
 10678 | D:10     | Reached skill level 5 in Evocations
 10683 | D:10     | Learned a level 4 spell: Passage of Golubria
 10942 | D:10     | Found a hide-covered altar of Uskayaw.
 11132 | D:10     | Gained mutation: You are frail. (-10% HP) [potion of
                  | mutation]
 11132 | D:10     | Gained mutation: You have a pair of small horns on your
                  | head. [potion of mutation]
 11132 | D:10     | Gained mutation: You expend magic power (3 MP) to
                  | strengthen your wands. [potion of mutation]
 11132 | D:10     | Lost mutation: You are frail. (-10% HP) [potion of
                  | mutation]
 11259 | D:11     | Found a staircase to the Orcish Mines.
 11414 | D:11     | Reached *** piety under Nemelex Xobeh
 11438 | D:11     | Received a gift from Nemelex Xobeh
 11595 | D:11     | Identified the +7 falchion "Konwynn" {vamp, *Rage Will+
                  | rCorr}
 11634 | D:11     | Received a gift from Nemelex Xobeh
 11672 | D:11     | Reached skill level 1 in Translocations
 11672 | D:11     | Gained mutation: You are surrounded by a moderate repulsion
                  | field. (EV +3) [demonic ancestry]
 11672 | D:11     | Reached XP level 12. HP: 89/89 MP: 18/21
 11701 | D:11     | Noticed Lodul
 11716 | D:11     | Killed Lodul
 11967 | D:11     | Noticed Urug
 11975 | D:11     | Killed Urug
 12117 | D:11     | Reached skill level 1 in Long Blades
 12248 | D:11     | Received a gift from Nemelex Xobeh
 12609 | D:12     | Reached skill level 7 in Fighting
 12780 | D:12     | Reached **** piety under Nemelex Xobeh
 12935 | Lair:1   | Entered Level 1 of the Lair of Beasts
 12959 | Lair:1   | Reached skill level 5 in Shields
 13073 | Lair:1   | Found a runed translucent door.
 13416 | Lair:1   | Received a gift from Nemelex Xobeh
 13572 | Lair:1   | Received a gift from Nemelex Xobeh
 13589 | Lair:1   | Reached skill level 5 in Ice Magic
 13858 | Lair:1   | Noticed a dire elephant
 13858 | Lair:1   | Noticed a dire elephant
 13871 | Lair:1   | a dire elephant changed into an emperor scorpion
 13871 | Lair:1   | Noticed an emperor scorpion
 13871 | Lair:1   | a dire elephant changed into a storm dragon
 13871 | Lair:1   | Noticed a storm dragon
 13876 | Lair:1   | Noticed a blizzard demon
 13885 | Lair:1   | Killed an emperor scorpion
 13887 | Lair:1   | Killed a storm dragon
 13888 | Lair:1   | Gained mutation: Your touch may inflict irresistible damage
                  | on your foes. [demonic ancestry]
 13888 | Lair:1   | Reached XP level 13. HP: 74/98 MP: 23/23
 14233 | Lair:2   | Identified a scroll of acquirement
 14233 | Lair:2   | Acquired the Quarto of Airy Last Rites
 14309 | Lair:2   | Received a gift from Nemelex Xobeh
 14319 | Lair:2   | Reached skill level 8 in Fighting
 14829 | Lair:2   | Found a staircase to the Snake Pit.
 14907 | Lair:2   | Found a staircase to the Swamp.
 15159 | Lair:2   | Received a gift from Nemelex Xobeh
 15699 | Lair:3   | Found a runed translucent door.
 15716 | Lair:3   | Noticed Jingleheimer's ghost (journeyman TrSh)
 15725 | Lair:3   | Killed Jingleheimer's ghost
 16048 | Lair:3   | Noticed Snorg
 16061 | Lair:3   | Killed Snorg
 16145 | Lair:3   | Reached ***** piety under Nemelex Xobeh
 16240 | Lair:3   | Reached skill level 5 in Invocations
 16833 | Lair:4   | Learned a level 4 spell: Summon Lightning Spire
 16935 | Lair:4   | Reached skill level 1 in Earth Magic
 16983 | Lair:4   | Received a gift from Nemelex Xobeh
 16999 | Lair:4   | You fall into a shaft and drop 1 floor!
 16999 | Lair:5   | Entered Level 5 of the Lair of Beasts
 17118 | Lair:5   | Found a burning altar of Makhleb.
 17141 | Lair:5   | Reached skill level 5 in Summonings
 17154 | Lair:5   | Reached skill level 9 in Fighting
 17168 | Lair:5   | Found a gateway to Hell.
 17415 | Lair:5   | Noticed a dire elephant
 17442 | Lair:5   | Killed a dire elephant
 17641 | Lair:5   | Noticed a dire elephant
 17651 | Lair:5   | Killed a dire elephant
 17652 | Lair:5   | Reached XP level 14. HP: 70/108 MP: 16/26
 17681 | Lair:5   | Reached skill level 1 in Maces & Flails
 18201 | Lair:5   | Found a viscous altar of Jiyva.
 18201 | Lair:5   | Found a staircase to the Slime Pits.
 18203 | Lair:5   | Received a gift from Nemelex Xobeh
 18278 | Lair:5   | Reached skill level 1 in Air Magic
 18567 | Lair:4   | Upgraded the game from 0.31-a0-700-gf13585253f to
                  | 0.31-a0-705-ga145531891
 18791 | Lair:4   | Received a gift from Nemelex Xobeh
 19121 | Lair:4   | Received a gift from Nemelex Xobeh
 19456 | Lair:5   | Received a gift from Nemelex Xobeh
 19581 | Lair:5   | Reached skill level 10 in Fighting
 20443 | Orc:1    | Entered Level 1 of the Orcish Mines
 20533 | Orc:1    | Found a one-way gate to the infinite horrors of the Abyss.
 20766 | Orc:1    | Found a corrupted altar of Lugonu.
 20818 | Orc:1    | Noticed an orc warlord
 20845 | Orc:1    | Killed an orc warlord
 21200 | Orc:2    | Entered Level 2 of the Orcish Mines
 21200 | Orc:2    | Found a staircase to the Elven Halls.
 21409 | Orc:2    | Received a gift from Nemelex Xobeh
 21415 | Orc:2    | Found Damunu Haga's Weapon Shoppe.
 21666 | Orc:2    | Identified the -2 hand axe "Puraer" {elec, rElec rPois}
 21671 | Orc:2    | HP: 4/110 [meliai/divine providence (9)]
 21672 | Orc:2    | Killed from afar by a meliai

Illustrated notes

Levels and vault maps discovered:
D:1:      matt_arrival_spirals, layout_rooms
D:2:      layout_basic, serial_shops, shop, uniq_jessica
D:3:      layout_basic, serial_bayou_pond_c
D:4:      layout_gridville, ebering_ghost_gozag
D:5:      layout_basic, serial_curves, eino_curves_03, eino_curves_02,
          eino_curves_03, eino_curves_01, minmay_hollow_rounded_squares
D:6:      cheibrodos_helix_gallery, layout_gridville
D:7:      layout_loops_ring, kennysheep_okawaru_gauntlet,
          minmay_temple_entry_offerings
D:8:      layout_basic
D:9:      minmay_chambers_of_sixes, layout_gridville, kennysheep_little_box,
          mainiacjoe_overflow_alcove_4, enter_bailey_5, uniq_maurice,
          uniq_maggie
D:10:     layout_loops_cross, mainiacjoe_overflow_surrounded_room,
          due_lair_maze_entry_diamond, nicolae_shop_overcharged_wands
D:11:     layout_loops_corners, orc_0_dummy, uniq_urug, uniq_lodul
D:12:     layout_rooms
Temple:   hc_temple_tempest_star
Lair:1:   gammafunk_lair_enchanted_lake, layout_gridlike
Lair:2:   layout_long_grid, swamp_mist_pool, guppyfry_snake_entry_garden,
          minivault_24
Lair:3:   layout_long_grid, ebering_ghost_reflecting_pool,
          infiniplex_staircase_pool_2, grunt_megastairs_5, uniq_snorg
Lair:4:   layout_hall_layers, grunt_megastairs_1
Lair:5:   evil_forest, layout_loops_ring, slime_entry_1, grunt_megastairs_3
Orc:1:    layout_caves, special_room [special_room_kobold],
          amcnicky_altar_lugonu_corruption
Orc:2:    st_orc_mages, layout_caves, serial_shops,
          nicolae_shop_temple_entry_statues_fountains

Skill      XL: |  1  2  3  4  5  6  7  8  9 10 11 12 13 14 |
---------------+-------------------------------------------+-----
Dodging        | 3 4 5 6 7 |  7.4
Axes           | 3 4 5 6 7 8 9 |  9.7
Armour         | 1 2 3 4 5 6 7 8 |  8.1
Spellcasting   | 1 2 3 4 5 6 7 8 |  8.6
Hexes          | 1 2 3 |  3.4
Shields        | 1 2 3 4 5 |  5.4
Fighting       | 3 4 5 6 7 9 10 | 10.3
Stealth        | 1 2 3 |  3.9
Ice Magic      | 1 2 3 4 5 6 7 |  7.2
Throwing       | 2 4 |  4.9
Evocations     | 1 2 4 5 |  5.0
Necromancy     | 1 3 4 |  4.2
Invocations    | 2 3 5 6 |  6.3
Summonings     | 2 3 5 6 |  6.3
Shapeshifting  | 1 2 |  2.7
Translocations | 1 3 4 |  4.6
Long Blades    | 3 |  3.3
Earth Magic    | 1 3 |  3.5
Maces & Flails | 1 |  1.3
Air Magic      | 2 |  2.1
Polearms       | |  0.8

Action                     |  1- 3 |  4- 6 |  7- 9 | 10-12 | 13-15 || total
---------------------------+-------+-------+-------+-------+-------++-------
  Melee: War axe           |    77 |   159 |       |       |       ||   236
         Hand axe          |       |    51 |    13 |       |       ||    64
         Battleaxe         |       |       |   142 |   333 |   381 ||   856
         Trident           |       |       |       |    45 |       ||    45
         Falchion          |       |       |       |    64 |       ||    64
         Flail             |       |       |       |     9 |    20 ||    29
         Headbutt          |       |       |       |    33 |   108 ||   141
         Touch             |       |       |       |     2 |     7 ||     9
         Punch             |       |       |       |       |     1 ||     1
  Throw: Dart              |       |       |    22 |    30 |    62 ||   114
         Javelin           |       |       |     5 |    33 |    35 ||    73
         Throwing net      |       |       |       |     1 |       ||     1
   Cast: Slow              |     3 |     9 |    10 |     4 |       ||    26
         Frozen Ramparts   |       |       |    19 |    24 |    36 ||    79
         Tukima's Dance    |       |       |     5 |    17 |       ||    22
         Confusing Touch   |       |       |     1 |       |     1 ||     2
         Summon Ice Beast  |       |       |       |    27 |    73 ||   100
         Hailstorm         |       |       |       |     3 |     1 ||     4
         Summon Lightning  |       |       |       |       |    13 ||    13
 Invoke: Draw Destruction  |       |       |       |     6 |    11 ||    17
         Draw Summoning    |       |       |       |     3 |     9 ||    12
         Draw Escape       |       |       |       |     4 |     6 ||    10
         Triple Draw       |       |       |       |     1 |       ||     1
  Evoke: Wand              |       |       |       |    15 |     3 ||    18
    Use: Scroll            |     1 |     6 |     3 |    15 |    14 ||    39
         Potion            |       |     5 |     1 |     3 |     4 ||    13
   Stab: Sleeping          |     1 |     1 |     4 |    11 |     8 ||    25
         Invisible         |       |     1 |       |       |       ||     1
         Distracted        |       |       |       |     1 |     7 ||     8
         Confused          |       |       |       |       |     1 ||     1
 Armour: Leather armour    |    34 |   170 |    85 |       |       ||   289
         Acid dragon scale |       |       |    17 |   300 |   277 ||   594
  Dodge: Dodged            |    36 |   127 |    93 |   333 |   382 ||   971
  Block: Other             |     8 |       |    33 |   219 |   263 ||   523
         Buckler           |    12 |    58 |     9 |    41 |       ||   120
         Orb               |       |    21 |       |    14 |       ||    35
         Reflection        |       |       |       |     9 |     2 ||    11

Table legend: (Time is in decaauts)
 A = Elapsed time spent in this place.
 B = Non-inter-level travel time spent in this place.
 C = Inter-level travel time spent in this place.
 D = Time resting spent in this place.
 E = Time spent auto-exploring this place.
 F = Levels seen in this place.
 G = Mean time per level.
                   A        B        C        D        E       F      G
               +--------+--------+--------+--------+--------+-----+--------+
         Total |  22163 |  20986 |   1177 |   1639 |  13400 |  21 | 1055.4 |
       Dungeon |  12250 |  11530 |    720 |    429 |   7999 |  12 | 1020.8 |
        Temple |     14 |     14 |      0 |      0 |      0 |   1 |   14.0 |
          Lair |   7582 |   7135 |    447 |    700 |   4282 |   5 | 1516.4 |
  Orcish Mines |   1238 |   1228 |     10 |    200 |    767 |   2 |  619.0 |
        Bailey |   1077 |   1077 |      0 |    310 |    351 |   1 | 1077.0 |
               +--------+--------+--------+--------+--------+-----+--------+

Top non-repeatable levels by time:
  Lair:5: 2186 daAuts
     D:5: 1879 daAuts
  Lair:3: 1478 daAuts
     D:9: 1414 daAuts
    D:11: 1389 daAuts
  Lair:1: 1348 daAuts
  Lair:4: 1325 daAuts
  Lair:2: 1243 daAuts
     D:4: 1208 daAuts
     D:8: 1123 daAuts
  Bailey: 1077 daAuts
     D:3: 1022 daAuts
     D:7: 931 daAuts
    D:10: 868 daAuts
     D:6: 760 daAuts
